AoeStats
← TonioM8173

Arabia

508373915Analyzed
1v1 RM · 12d ago on Sep 22, 2026· 32m 45s· 2 players
Game mode
Random Map
Map size
Tiny (2 player)
Population
200
Speed
Normal
Resources
Standard
Victory
Conquest
Starting age
Dark Age
Ending age
Imperial Age
RankedLock teamsTeams togetherTeam positionsShared explorationLock speedFull tech treeHidden civsTurbo modeCheats
Victory
Defeat
🇵🇦 Hindustanis · Panama
1033
+14
🇦🇷 Berbers · Argentina
1000
-42
Bocchi Supremacy
10:04 Feudal Age
13:13 Bloodlines
14:39 Bloodlines
19:06 Horse Collar
23:12 Forging
23:41 Scale Barding Armor
23:55 Double-Bit Axe
24:04 Gold Mining
29:06 Castle Age
TonioM8173
3:43 Loom
10:40 Feudal Age
14:44 Double-Bit Axe
19:36 Bloodlines
21:33 Scale Barding Armor
21:39 Forging
26:27 Castle Age
Connection lost

Rejoining the realm…

Still unreachable

The connection could not be restored.

Session expired

The server has moved on; the page needs a fresh start.